 Dungeon Crawl Stone Soup version 0.18.1-8-gdd0e5ea (webtiles) character file.

1573625 jesusflecha the Slayer (level 27, 151/151 HPs)
             Began as a Gargoyle Fighter on May 23, 2016.
             Was the Champion of the Shining One.
             Escaped with the Orb
             ... and 3 runes on May 25, 2016!
             The game lasted 10:59:31 (93132 turns).

jesusflecha the Slayer (Gargoyle Fighter)          Turns: 93132, Time: 10:59:32

Health: 151/151    AC: 49    Str: 42    XL:     27
Magic:  38/41      EV: 13    Int: 17    God:    the Shining One [******]
Gold:   7125       SH: 39    Dex:  6    Spells: 5 memorised, 13 levels left

rFire  + + +     SeeInvis .     a - +9 flail "Sorakh" {flame, MP+9 Int+2}
rCold  + . .     Gourm    .     i - +7 chain mail "Ocurashre" {rC+ Dex+2}
rNeg   + + +     Faith    .     v - +10 shield "Oxaam" {*Drain rN++ rCorr Int+3}
rPois  ∞         Spirit   .     j - +2 hat {MR+}
rElec  +         Dismiss  .     k - +2 cloak
rCorr  +         Reflect  .     g - +0 pair of gloves "Tyolot Xohi" {rF+ Int+3}
SustAt .         Harm     .     p - +2 pair of boots "Fiapyut" {+Inv Str+4}
MR     +++..                    A - amulet of regeneration
Stlth  ..........               x - ring "Mioban" {rF+ Str+4}
                                V - ring of protection from fire

@: divine shield, flying, glowing, extremely resistant to hostile enchantments,
extremely unstealthy
A: big wings, horns 1, blink, blurry vision 3, clumsy 2, deformed body,
deterioration 1, dopey 1, frail 2, low mp 1, negative energy resistance 1,
screaming 3, electricity resistance, strong 1, unbreathing, petrification
resistance, no device heal 1, rot immunity, subdued magic 1, AC +20
a: Stop Flying, Blink, Divine Shield, Cleansing Flame, Summon Divine Warrior,
Brand Weapon With Holy Wrath, Renounce Religion, Evoke Invisibility
0: Orb of Zot
}: 3/15 runes: barnacled, slimy, gossamer


You escaped.
You worshipped the Shining One.
The Shining One was exalted by your worship.
You were not hungry.

You visited 12 branches of the dungeon, and saw 60 of its levels.
You also visited: Labyrinth, Trove, Sewer, Ossuary, Bailey and Ice Cave.

You collected 9050 gold pieces.
You spent 1835 gold pieces at shops.

Inventory:

Hand Weapons
 a - the +9 flail "Sorakh" (weapon) {flame, MP+9 Int+2}
   (You bought it in a shop on level 2 of the Orcish Mines)

   It has been specially enchanted to burn those struck by it, causing extra
   injury to most foes and up to half again as much damage against particularly
   susceptible opponents.
   It affects your intelligence (+2).
   It affects your magic capacity (+9).
Armour
 f - the -3 pair of gloves of Salvation {rN+ Str+7 Int-2}
   (You acquired it on level 7 of the Lair of Beasts)

   It affects your strength (+7).
   It affects your intelligence (-2).
   It protects you from negative energy.
 g - the +0 pair of gloves "Tyolot Xohi" (worn) {rF+ Int+3}
   (You found it in a treasure trove)

   It affects your intelligence (+3).
   It protects you from fire.
 i - the +7 chain mail "Ocurashre" (worn) {rC+ Dex+2}
   (You found it on level 5 of the Depths)

   It affects your dexterity (+2).
   It protects you from cold.
 j - a +2 hat of magic resistance (worn)
 k - a +2 cloak (worn)
 l - the +3 hat of Pondering {ponderous, MR+ MP+10 Int+5}
   (You found it in a treasure trove)

   It affects your intelligence (+5).
   It affects your resistance to hostile enchantments.
   It affects your magic capacity (+10).
 p - the +2 pair of boots "Fiapyut" (worn) {+Inv Str+4}
   (You found it in a treasure trove)

   It affects your strength (+4).
   It lets you turn invisible.
 v - the +10 shield "Oxaam" (worn) {*Drain rN++ rCorr Int+3}
   (You took it off Asterion on level 1 of the Depths)

   It affects your intelligence (+3).
   It greatly protects you from negative energy.
   It protects you from acid and corrosion.
   It causes draining when unequipped.
Rods
 o - a +4 rod of inaccuracy (10/10)
   (You found it on level 6 of the Pits of Slime)
 P - a +2 lightning rod (12/12)
   (You found it on level 3 of the Crypt)
Jewellery
 r - an uncursed ring of sustain attributes
 x - the ring "Mioban" (right hand) {rF+ Str+4}
   (You bought it in a shop on level 1 of the Elven Halls)

   [ring of protection from fire]

   It affects your strength (+4).
   It protects you from fire.
 y - an uncursed amulet of guardian spirit
 A - an amulet of regeneration (around neck)
 V - a ring of protection from fire (left hand)
 Z - an uncursed ring of protection from cold
Wands
 q - a wand of hasting (3/9)
 w - a wand of digging (1/24)
 M - a wand of digging (10/24)
 S - a wand of iceblast (3/15)
 Y - a wand of teleportation (3/9)
Scrolls
 m - a scroll of silence
 n - 10 scrolls of fog
 s - 16 scrolls of remove curse
 t - 3 scrolls of magic mapping
 z - 7 scrolls of recharging
 I - 4 scrolls of teleportation
 N - 9 scrolls of fear
 R - 24 scrolls of identify
 W - a scroll of enchant weapon
Potions
 c - 6 potions of cure mutation
 d - 5 potions of might
 e - 8 potions of curing
 G - 2 potions of resistance
 O - 10 potions of agility
 T - 3 potions of cancellation
Miscellaneous
 b - a stone of tremors
 h - a fan of gales
 u - a legendary deck of wonders {drawn: 1}
 C - 2 phantom mirrors
 D - a fan of gales
 E - a disc of storms
 F - a lamp of fire
 H - a plain deck of wonders {Wild Magic, drawn: 1}
 J - a plain deck of summoning {drawn: 3}
 L - a plain deck of wonders {drawn: 1}
 U - a sack of spiders {used: 1}
Comestibles
 B - a slice of pizza
 K - a chunk of flesh
 X - 8 meat rations


   Skills:
 + Level 23.8 Fighting
 - Level 14.0(14.1) Maces & Flails
   Level 2.1(9.6) Staves
 + Level 18.2 Armour
 + Level 14.0 Dodging
 + Level 4.4 Stealth
 - Level 15.2 Shields
 - Level 2.4 Spellcasting
 * Level 17.2 Conjurations
 * Level 14.0 Fire Magic
 * Level 20.7 Earth Magic
 * Level 19.0 Invocations
 * Level 16.5 Evocations


You had 13 spell levels left.
You knew the following spells:

 Your Spells              Type           Power        Failure   Level  Hunger
a - Sandblast             Erth           ######       0%          1    #......
b - Stone Arrow           Conj/Erth      ######       1%          3    ###....
c - Fireball              Conj/Fire      #####.....   1%          5    ######.
d - Lee's Rapid Deconstr  Erth           ######....   1%          5    ######.
e - Conjure Flame         Conj/Fire      #####...     1%          3    ###....


Dungeon Overview and Level Annotations

Branches:
Dungeon (15/15)            Temple (1/1) D:5            Lair (8/8) D:11
 Shoals (4/4) Lair:3       Spider (4/4) Lair:6        Slime (6/6) Lair:7
    Orc (2/2) D:9             Elf (3/3) Orc:2        Vaults (4/5) D:13
  Crypt (3/3) Vaults:3       Tomb (0/3) Crypt:3      Depths (5/5) D:15
    Zot (5/5) Depths:5

Altars:
Ashenzari
Cheibriados
Dithmenos
Fedhas
Kikubaaqudgha
Makhleb
Okawaru
Pakellas
Qazlal
Ru
Sif Muna
Trog
Vehumet
Yredelemnul
Zin
The Shining One
Beogh
Jiyva

Shops:
D:10 :   Orc:2 [([*   Elf:1 *=:   Vaults:1 :!   Vaults:4 (   Depths:1 ?
Depths:3 *

Portals:
Hell: Depths:1 Depths:2 Depths:3 Depths:4 Depths:5
Abyss: Depths:1 Depths:2 Depths:4
Pandemonium: Depths:3 Depths:4
Ziggurat: Depths:2


Innate Abilities, Weirdness & Mutations

You are resistant to torment.
Your stone body is resilient (AC +20).
You are immune to poison.
Your large and strong wings let you fly indefinitely.
You resist negative energy.
You are resistant to electric shocks.
You can survive without breathing.
You are immune to petrification.
You are immune to rotting.
You have a pair of small horns on your head.
You can translocate small distances at will.
Scrolls take you much longer to read.
You are very clumsy. (Dex -4)
Armour fits poorly on your strangely shaped body.
Your body sometimes deteriorates upon taking damage.
You are dopey. (Int -2)
You are very frail (-20% HP).
Your magical capacity is low (-10% MP).
You frequently scream uncontrollably at your foes.
Your muscles are strong. (Str +2)
Potions and wands are less effective at restoring your health.
Your spells are a little easier to cast, but a little less powerful.


Message History

The green death is moderately wounded.
You block the green death's attack.
You hit the green death. You burn the green death.
The green death is heavily wounded.
You bludgeon the green death!! You burn the green death!
The green death is almost dead.
You block the green death's attack.
A quasit comes into view.
You bludgeon the green death!! You burn the green death.
You kill the green death!
The Shining One accepts your kill.
There is a staircase leading out of the dungeon here.
You closely miss the quasit. You block the quasit's attack. x3
You bludgeon the quasit!! You burn the quasit.
You kill the quasit!
The Shining One accepts your kill.
You feel your power returning.
Your attacks no longer feel as feeble.
No target in view!
You have escaped!

#...)...#.#..[.#..#...
#.........#.#..#......
#.........#.#.##......
#.#.......#.......(###
#.........###....#.###
#....)...........#...#
#.#.......#.###..###.#
#................# #.#
#....@........#.## #.#
###########.#.#.####.#
#.#.#.#....#
#...#.#.####
###############......#
####...........#
###.##.#
#..........###.#
#.##.# #..........#
#.# #.##.#
#..........# #.###
#.##.#


There were no monsters in sight!

Vanquished Creatures
  the Royal Jelly (Slime:6)
  Dissolution (Slime:4)
  6 orbs of fire
  Mennas (Vaults:4)
  2 ancient liches
  4 juggernauts
  Boris (Depths:4)
  Frederick (Crypt:1)
  2 caustic shrikes (Depths:5)
  5 Killer Klowns
  A curse toe (Zot:4)
  7 golden dragons
  A pandemonium lord (Depths:5)
  Jory (Vaults:4)
  An iron giant (Depths:5)
  A Tzitzimitl (D:1)
  The ghost of Sokar the Cutthroat, a veteran KoBe of Trog (Vaults:4)
  11 liches
  Jorgrun (Crypt:1)
  3 electric golems
  2 Brimstone Fiends
  11 tentacled monstrosities
  Rupert (D:11)
  2 Ice Fiends
  30 Orb Guardians
  2 Hell Sentinels
  Asterion (Depths:1)
  2 deep elf blademasters
  A titan (Depths:5)
  The ghost of CragHack the Shatterer, an adept MiBe of Trog (Spider:4)
  18 acid blobs
  4 death cobs
  2 Executioners
  6 ancient champions
  5 sphinxes
  12 storm dragons
  6 azure jellies
  6 shadow dragons
  10 draconian monks
  7 tengu reavers
  Ilsuiw (Shoals:4)
  7 deep elf sorcerers
  5 vault wardens
  3 revenants (Crypt:3)
  3 draconian scorchers
  10 fire giants
  2 balrugs
  2 orc warlords
  3 iron dragons (Depths:5)
  13 frost giants
  4 draconian knights
  3 draconian shifters
  4 curse skulls
  16 ghouls
  8 emperor scorpions
  6 ghost moths
  5 draconian zealots
  6 ironheart preservers
  A cacodemon (D:1)
  A warmonger (Zot:5)
  5 draconian callers
  4 spriggan defenders (Depths:5)
  2 reapers
  14 stone giants
  3 war gargoyles (Crypt:3)
  19 very ugly things
  2 deep elf elementalists (Elf:3)
  11 vampire knights
  3 draconian annihilators
  7 deep elf annihilators
  11 green draconians
  8 deep elf demonologists
  13 mottled draconians
  11 spark wasps
  14 yellow draconians
  A spark wasp (shapeshifter) (Elf:2)
  13 black draconians
  13 purple draconians
  13 white draconians
  2 red draconians
  A minotaur (Lab)
  A minotaur (shapeshifter) (Depths:5)
  10 ettins
  A death ooze (Slime:6)
  7 merfolk impalers
  2 green deaths
  6 deep elf death magi
  5 eidola
  2 jiangshi (Crypt:3)
  2 deep elf high priests (Elf:3)
  19 fire dragons
  A hell beast (Zot:4)
  Fannar (Lair:3)
  11 entropy weavers
  16 yaktaur captains
  Harold (Lair:3)
  23 great orbs of eyes
  10 ice dragons
  8 hydras
  A monstrous demonspawn (Zot:5)
  A quicksilver dragon skeleton (Crypt:3)
  6 rakshasas
  A merfolk avatar (Shoals:4)
  A catoblepas (D:14)
  An alligator snapping turtle (Shoals:4)
  The ghost of GFox the Nimble, a novice MiMo of Qazlal (Orc:2)
  Erica (D:9)
  11 centaur warriors
  3 spriggan air magi
  14 deep troll shamans
  3 satyrs
  The ghost of Duskembrace the Grappler, a novice TrMo of Okawaru (D:9)
  7 merfolk aquamancers
  A queen ant (Spider:1)
  24 dancing weapons
  6 deep troll earth magi
  5 death knights
  7 vampire magi
  10 ogre magi
  11 death yaks
  2 hell hogs (D:7)
  2 tengu warriors
  8 sun demons
  3 orc high priests
  24 deep elf knights
  Sonja (Lair:3)
  3 soul eaters
  A storm dragon zombie (Crypt:3)
  10 spriggan berserkers
  2 iron trolls
  5 hell knights
  8 sea snakes
  A shadow wraith (Depths:1)
  A fire crab (Vaults:1)
  17 deep trolls
  A shadow demon (Depths:3)
  A salamander mystic (Depths:1)
  36 skeletal warriors
  A quicksilver dragon simulacrum (Crypt:1)
  6 unseen horrors
  A swamp dragon (shapeshifter) (Depths:2)
  8 large abominations
  13 flayed ghosts
  16 deep elf archers
  A sea snake (shapeshifter) (Depths:1)
  7 ironbrand convokers
  A lindwurm (Lair:8)
  2 shadow dragon zombies
  A hill giant (shapeshifter) (Depths:2)
  4 giant orange brains
  9 necromancers
  14 orc knights
  16 phantasmal warriors
  10 hill giants
  A harpy (shapeshifter) (Elf:3)
  2 wolf spider zombies
  19 orb spiders
  59 deep elf magi
  4 harpies (Shoals:3)
  10 griffons
  3 wizards
  33 ugly things
  30 fauns
  7 hornets
  2 iron dragon skeletons
  2 orc sorcerers
  28 wolf spiders
  5 manticores
  7 shining eyes
  5 sixfirhies
  A frost giant zombie (Crypt:1)
  An octopode (shapeshifter) (Vaults:1)
  10 cyclopes
  2 salamanders (Depths:1)
  Maurice (Orc:2)
  A stone giant skeleton (Depths:1)
  11 elephants
  A frost giant skeleton (Crypt:3)
  12 sirens
  6 black mambas
  10 vault sentinels
  2 ice statues (IceCv)
  An eye of devastation (shapeshifter) (Vaults:3)
  13 fire giant skeletons
  22 moths of wrath
  2 rust devils (Depths:5)
  A smoke demon (Depths:5)
  6 torpor snails
  4 orange demons
  9 eyes of devastation
  6 gargoyles
  20 spiny frogs
  A storm dragon simulacrum (Crypt:1)
  3 rime drakes
  16 ice devils
  16 freezing wraiths
  An iron troll zombie (Crypt:2)
  A komodo dragon (shapeshifter) (Depths:2)
  11 demonic crawlers
  6 red devils
  3 kobold demonologists
  A yellow draconian skeleton (Crypt:1)
  38 yaktaurs
  4 komodo dragons
  3 hellwings
  An iron troll skeleton (Crypt:1)
  2 efreet
  A giant leech (shapeshifter) (Depths:5)
  A queen bee (shapeshifter) (Depths:2)
  3 tengu conjurers
  12 trolls
  2 hydra zombies
  26 jumping spiders
  A merfolk (shapeshifter) (Depths:1)
  10 polar bears
  A harpy zombie (Crypt:2)
  22 merfolk
  5 wind drakes
  13 two-headed ogres
  4 giant leeches (Lair:8)
  Grinder (D:5)
  6 bog bodies
  A harpy skeleton (D:14)
  A hydra skeleton (Crypt:1)
  A fire dragon zombie (Crypt:3)
  A blink frog (shapeshifter) (Elf:1)
  7 boulder beetles
  3 blink frogs (Lair:6)
  103 slime creatures
  4 raiju (Lair:8)
  An iron dragon simulacrum (Crypt:1)
  10 snapping turtles
  An ettin zombie (Crypt:3)
  5 fire dragon skeletons (Crypt:3)
  5 ynoxinuls
  81 redbacks
  6 spriggans
  2 vampires (Crypt:3)
  6 shadows
  An ettin skeleton (Crypt:3)
  12 wraiths
  3 air elementals
  42 tarantellas
  5 fire elementals
  13 water elementals
  6 basilisks
  2 yaks (shapeshifter) (Vaults:2)
  A fire bat (Depths:1)
  14 golden eyes
  2 wyverns
  A golden eye (shapeshifter) (Depths:5)
  A hippogriff (shapeshifter) (Depths:4)
  A hog (shapeshifter) (Depths:1)
  A basilisk (shapeshifter) (Vaults:3)
  68 yaks
  4 hungry ghosts
  A neqoxec (Depths:3)
  13 hippogriffs
  A steam dragon (D:7)
  16 vampire mosquitoes
  3 chaos spawn
  A faun zombie (Crypt:2)
  2 mottled dragons
  17 wargs
  A merfolk zombie (Crypt:2)
  6 soldier ants (Spider:1)
  A soldier ant (shapeshifter) (Elf:3)
  5 swamp worms (Spider:3)
  16 water moccasins
  A giant eyeball (Depths:5)
  13 porcupines
  Duvessa (D:6)
  5 ice beasts
  A manticore zombie (Crypt:1)
  6 hell hounds
  2 snapping turtle zombies (Crypt:2)
  An ice dragon simulacrum (Crypt:1)
  40 orc warriors
  5 sky beasts
  Purgy (Sewer)
  14 black bears
  10 wasps
  An ettin simulacrum (Depths:1)
  A black mamba simulacrum (Crypt:1)
  5 eyes of draining
  2 necrophages (Crypt:1)
  49 ogres
  2 phantoms
  A tengu (shapeshifter) (Vaults:1)
  14 centaurs
  18 wolves
  A dryad zombie (Crypt:1)
  16 crocodiles
  4 big kobolds
  5 elf zombies
  A yaktaur zombie (Crypt:1)
  21 giant frogs
  An octopode zombie (Crypt:1)
  A gnoll sergeant (D:4)
  A salamander skeleton (Crypt:2)
  3 earth elementals
  Dowan (D:6)
  A small abomination (Depths:1)
  9 scorpions
  3 water moccasin skeletons
  An elf simulacrum (Vaults:4)
  20 killer bees
  A spriggan skeleton (Crypt:2)
  14 wights
  2 howler monkeys
  A wolf zombie (Crypt:1)
  3 electric eels
  8 crimson imps
  3 giant frog zombies
  6 quasits
  3 human zombies
  8 centaur zombies
  20 hounds
  48 jellies
  29 orc priests
  3 centaur skeletons
  43 orc wizards
  A giant frog skeleton (D:6)
  An iron imp (Depths:3)
  A human skeleton (Crypt:3)
  13 iguanas
  A basilisk skeleton (Crypt:2)
  A hell rat (Depths:1)
  14 worker ants
  16 sheep
  A hound skeleton (D:6)
  2 mummies (Ossuary)
  20 adders
  19 gnolls
  2 howler monkey skeletons
  26 river rats
  A shadow imp (D:12)
  2 steam dragon skeletons (Crypt:1)
  8 white imps
  7 ufetubi
  An ooze (D:6)
  A worm zombie (D:6)
  An adder zombie (Ossuary)
  An adder skeleton (D:7)
  32 worms
  A giant gecko (D:1)
  145 orcs
  7 giant cockroaches
  5 goblins
  14 hobgoblins
  15 jackals
  3 quokkas
  2 ball pythons
  7 bats
  2 giant newts
  2 goblin zombies (Ossuary)
  12 hobgoblin zombies (Ossuary)
  19 kobolds
  6 kobold zombies (Ossuary)
  10 orc zombies (Ossuary)
  A quokka skeleton (D:6)
  9 rats
  A rat zombie (Ossuary)
  2 crawling corpses (Elf:3)
  2 lost souls (Crypt:3)
  2 plants
2917 creatures vanquished.

Vanquished Creatures (collateral kills)
  3 acid blobs (Slime:6)
  2 azure jellies (Slime:6)
  3 death oozes (Slime:6)
  A deep troll (Depths:5)
  A necromancer (Depths:1)
  A hornet (Spider:4)
  A siren (Shoals:4)
  A stone giant skeleton (Depths:1)
  A komodo dragon (Lair:2)
  A yaktaur skeleton (Depths:1)
  A slime creature (Lair:7)
  A fire giant simulacrum (Depths:1)
  A giant gecko (D:7)
  A fungus (Depths:5)
19 creatures vanquished.

Vanquished Creatures (others)
  An Orb Guardian (Zot:5)
  A ghost moth (Spider:4)
  2 yaktaur captains
  A merfolk javelineer (Shoals:4)
  A deep elf high priest (Elf:3)
  4 satyrs
  A vampire mage (Depths:5)
  A hell hog (D:7)
  A deep elf archer (Vaults:1)
  2 orb spiders
  4 fauns
  2 moths of wrath (Zot:5)
  A cyclops (Shoals:1)
  An orange demon (Zot:5)
  A yaktaur (Shoals:1)
  A merfolk (Shoals:4)
  An air elemental (Elf:1)
  3 redbacks
  2 fire bats (Depths:1)
  An ogre (Vaults:4)
  A centaur (Vaults:2)
  A big kobold (Lair:8)
  A quasit (Zot:5)
  3 white imps (IceCv)
  3 ufetubi (IceCv)
  3 orcs
  24 fungi
  5 lost souls
  33 plants
  17 withered plants (Crypt:3)
123 creatures vanquished.

Grand Total: 3059 creatures vanquished

Notes
Turn   | Place    | Note
--------------------------------------------------------------
     0 | D:1      | jesusflecha the Gargoyle Fighter began the quest for the Orb.
     0 | D:1      | Reached XP level 1. HP: 14/14 MP: 1/1
   417 | D:1      | Reached XP level 2. HP: 19/19 MP: 2/2
   767 | D:2      | Found a radiant altar of Vehumet.
  1003 | D:2      | Reached XP level 3. HP: 16/24 MP: 3/3
  1622 | D:3      | Found an ancient bone altar of Kikubaaqudgha.
  1624 | D:3      | Found a blossoming altar of Fedhas.
  1778 | D:3      | Found a sacrificial altar of Ru.
  2099 | D:4      | Reached XP level 4. HP: 29/29 MP: 4/4
  2117 | D:4      | Noticed an ogre
  2127 | D:4      | Killed an ogre
  2127 | D:4      | Reached skill level 4 in Fighting
  2127 | D:4      | Reached skill level 1 in Dodging
  2127 | D:4      | Reached XP level 5. HP: 26/33 MP: 5/5
  2419 | D:4      | Reached XP level 6. HP: 25/38 MP: 6/6
  2534 | D:4      | Reached skill level 5 in Shields
  2912 | D:3      | Reached XP level 7. HP: 34/44 MP: 7/7
  3032 | D:4      | Got a pair of shimmering boots
  3038 | D:4      | Identified the cursed -2 pair of boots of Lies {Dex+5} (You found it on level 4 of the Dungeon)
  3508 | D:5      | Entered Level 5 of the Dungeon
  3527 | D:5      | Reached skill level 5 in Armour
  3719 | D:5      | Found a staircase to the Ecumenical Temple.
  3775 | Temple   | Entered the Ecumenical Temple
  3783 | Temple   | Became a worshipper of the Shining One
  3816 | D:5      | Reached XP level 8. HP: 31/48 MP: 8/8
  4228 | D:5      | Reached skill level 5 in Fighting
  4396 | D:5      | Noticed Grinder
  4402 | D:5      | Paralysed by Grinder for 6 turns
  4412 | D:5      | Paralysed by Grinder for 2 turns
  4422 | D:5      | Paralysed by Grinder for 6 turns
  4435 | D:5      | Killed Grinder
  4435 | D:5      | Reached skill level 1 in Stealth
  4788 | D:6      | Noticed Duvessa
  4788 | D:6      | Noticed Dowan
  4798 | D:6      | Killed Duvessa
  4804 | D:6      | Killed Dowan
  4818 | D:6      | Reached XP level 9. HP: 55/55 MP: 9/9
  4866 | D:6      | Found a glowing drain.
  4876 | Sewer    | Entered a sewer
  4882 | Sewer    | Noticed Purgy
  4887 | Sewer    | Killed Purgy
  4887 | Sewer    | Reached skill level 6 in Fighting
  4887 | Sewer    | Reached skill level 5 in Maces & Flails
  5053 | D:6      | Found a sand-covered staircase.
  5058 | D:6      | Reached * piety under the Shining One
  5062 | Ossuary  | Entered an ossuary
  5107 | Ossuary  | Reached ** piety under the Shining One
  5190 | Ossuary  | Reached *** piety under the Shining One
  5279 | Ossuary  | Reached skill level 1 in Invocations
  5311 | Ossuary  | Identified the Collected Works on Unholy Enhancements
  5570 | D:6      | Reached **** piety under the Shining One
  6480 | D:6      | Found a deep blue altar of Sif Muna.
  6482 | D:6      | Found a glowing silver altar of Zin.
  6487 | D:6      | Found a stormy altar of Qazlal.
  6489 | D:6      | Found an iron altar of Okawaru.
  6955 | D:7      | Reached XP level 10. HP: 26/61 MP: 1/12
  7204 | D:7      | Reached skill level 7 in Fighting
  7383 | D:7      | Found a basalt altar of Yredelemnul.
  7388 | D:7      | Reached ***** piety under the Shining One
  7687 | D:8      | Found a flagged portal.
  7705 | Bailey   | Entered a bailey
  7802 | Bailey   | Noticed an orc knight
  7890 | Bailey   | Killed an orc knight
  8391 | D:8      | Reached skill level 5 in Invocations
  9056 | D:9      | Noticed Erica
  9074 | D:9      | Killed Erica
  9091 | D:9      | Reached XP level 11. HP: 56/67 MP: 12/15
  9100 | D:9      | Reached skill level 5 in Dodging
  9136 | D:9      | Found a staircase to the Orcish Mines.
  9221 | D:9      | Noticed Duskembrace's ghost (novice TrMo)
  9257 | D:9      | HP: 3/67 [Duskembrace's ghost (17)]
  9511 | D:9      | Killed Duskembrace's ghost
  9511 | D:9      | Reached skill level 10 in Shields
 10083 | D:9      | Found a bloodstained altar of Trog.
 10622 | D:9      | Reached skill level 8 in Fighting
 10622 | D:9      | Reached XP level 12. HP: 75/75 MP: 15/17
 10732 | D:10     | Entered Level 10 of the Dungeon
 10964 | D:10     | Found Kahonixe's Book Shoppe.
 11336 | D:10     | Bought a book of Geomancy for 525 gold pieces
 11338 | D:10     | Learned a level 1 spell: Sandblast
 11541 | D:10     | Reached skill level 1 in Earth Magic
 12187 | D:11     | Reached skill level 9 in Fighting
 12224 | D:11     | Found a labyrinth entrance.
 12237 | Lab      | Entered a labyrinth
 12445 | Lab      | Noticed a minotaur
 12456 | Lab      | Killed a minotaur
 12544 | D:11     | Gained mutation: You are robust (+10% HP). [potion of mutation]
 12544 | D:11     | Gained mutation: Scrolls take you a little longer to read. [potion of mutation]
 12681 | D:11     | Reached XP level 13. HP: 88/88 MP: 18/18
 12829 | D:11     | Found a staircase to the Lair.
 13449 | Lair:1   | Entered Level 1 of the Lair of Beasts
 15869 | Lair:3   | Noticed Fannar
 15869 | Lair:3   | Noticed Harold
 15977 | Lair:3   | Reached skill level 5 in Earth Magic
 16267 | Lair:3   | Killed Fannar
 16267 | Lair:3   | Reached skill level 10 in Maces & Flails
 16402 | Lair:3   | Found a staircase to the Shoals.
 16552 | Lair:3   | Reached skill level 10 in Fighting
 16595 | Lair:3   | Killed Harold
 16595 | Lair:3   | Reached skill level 5 in Evocations
 16957 | Lair:3   | Noticed Sonja
 16993 | Lair:3   | Killed Sonja
 17366 | Lair:4   | Gained mutation: Your large and strong wings let you fly indefinitely. [Gargoyle growth]
 17366 | Lair:4   | Reached XP level 14. HP: 89/96 MP: 18/20
 19660 | Lair:6   | Gained mutation: Your muscles are strong. (Str +2) [potion of beneficial mutation]
 19718 | Lair:6   | Identified Ynleusiq's Catalogue of Evil Arts
 19743 | Lair:6   | Found a hole to the Spider Nest.
 21105 | Lair:7   | Identified a scroll of acquirement
 21109 | Lair:7   | Got a pair of jewelled gloves
 21115 | Lair:7   | Identified the -3 pair of gloves of Salvation {rN+ Str+7 Int-2} (You acquired it on level 7 of the Lair of Beasts)
 21730 | Lair:7   | Found a staircase to the Slime Pits.
 22107 | Lair:8   | Entered Level 8 of the Lair of Beasts
 22122 | Lair:8   | Reached skill level 11 in Fighting
 22162 | Lair:8   | Lost mutation: Your muscles are strong. (Str +2) [helix card]
 22162 | Lair:8   | Gained mutation: You can translocate small distances at will. [helix card]
 22437 | Lair:8   | Hired Badghor the big kobold for 90 gold.
 22441 | Lair:8   | Your ally Badghor died
 22977 | Lair:8   | Reached XP level 15. HP: 103/103 MP: 21/21
 23882 | Lair:8   | Reached skill level 10 in Armour
 24552 | Lair:8   | Found a runed door.
 25394 | Orc:1    | Entered Level 1 of the Orcish Mines
 25402 | Orc:1    | Noticed an orc warlord
 25449 | D:9      | Killed an orc warlord
 26384 | Orc:1    | Found a roughly hewn altar of Beogh.
 26694 | Orc:2    | Entered Level 2 of the Orcish Mines
 26994 | Orc:2    | Noticed GFox's ghost (novice MiMo)
 27012 | Orc:2    | Killed GFox's ghost
 27285 | Orc:2    | Found a roughly hewn altar of Beogh.
 27315 | Orc:2    | Found Feoff's General Store.
 27322 | Orc:2    | Bought a potion of heal wounds for 60 gold pieces
 27358 | Orc:2    | Found a roughly hewn altar of Beogh.
 27401 | Orc:2    | Found a roughly hewn altar of Beogh.
 27418 | Orc:2    | Found Potiol's Armour Shoppe.
 27483 | Orc:2    | Bought a +2 shield of reflection for 296 gold pieces
 27539 | Orc:2    | Found a staircase to the Elven Halls.
 27571 | Orc:2    | Found a roughly hewn altar of Beogh.
 27621 | Orc:2    | Found a roughly hewn altar of Beogh.
 28021 | Orc:2    | Noticed an orc warlord
 28044 | Orc:2    | Killed an orc warlord
 28044 | Orc:2    | Reached skill level 10 in Earth Magic
 28200 | Orc:2    | Found Xobo's Antique Armour Shoppe.
 28203 | Orc:2    | Found a roughly hewn altar of Beogh.
 28204 | Orc:2    | Found Gumadgho's Antique Weapon Emporium.
 28217 | Orc:2    | Bought a fine flail for 263 gold pieces
 28220 | Orc:2    | Identified the +9 flail "Sorakh" {flame, MP+9 Int+2} (You bought it in a shop on level 2 of the Orcish Mines)
 28376 | Orc:2    | Found a roughly hewn altar of Beogh.
 28400 | Orc:2    | Found a roughly hewn altar of Beogh.
 28406 | Orc:2    | Noticed Maurice
 28411 | Orc:2    | Killed Maurice
 28690 | D:12     | Noticed Rupert
 28719 | D:11     | Killed Rupert
 29043 | D:12     | Reached XP level 16. HP: 110/111 MP: 22/22
 29355 | D:12     | Found a glowing silver altar of Zin.
 29621 | D:13     | Found a gate to the Vaults.
 31900 | D:15     | Entered Level 15 of the Dungeon
 32246 | D:15     | Reached skill level 12 in Fighting
 32415 | D:15     | Found a staircase to the Depths.
 32825 | D:15     | Reached ****** piety under the Shining One
 33496 | Spider:1 | Entered Level 1 of the Spider Nest
 34384 | Spider:1 | Reached XP level 17. HP: 116/116 MP: 24/24
 34409 | Spider:1 | Reached skill level 15 in Shields
 35579 | Spider:1 | Reached skill level 10 in Invocations
 37060 | Spider:2 | Learned a level 3 spell: Stone Arrow
 37685 | Spider:3 | Reached skill level 1 in Conjurations
 37943 | Spider:4 | Entered Level 4 of the Spider Nest
 38486 | Spider:4 | Noticed CragHack's ghost (adept MiBe)
 38529 | Spider:4 | Killed CragHack's ghost
 38625 | Spider:4 | HP: 5/118 [disintegration (31)]
 39344 | Spider:4 | Reached XP level 18. HP: 97/124 MP: 5/25
 39741 | Spider:4 | Reached skill level 13 in Fighting
 39801 | Spider:4 | Reached skill level 10 in Evocations
 40065 | Spider:4 | Got a gossamer rune of Zot
 40438 | Shoals:1 | Entered Level 1 of the Shoals
 40456 | Shoals:1 | Found a frozen archway.
 40465 | IceCv    | Entered an ice cave
 40747 | IceCv    | Noticed an Ice Fiend
 40761 | IceCv    | Killed an Ice Fiend
 41686 | Shoals:1 | Reached skill level 5 in Conjurations
 43733 | Shoals:4 | Entered Level 4 of the Shoals
 43755 | Shoals:4 | Reached XP level 19. HP: 114/132 MP: 27/27
 43970 | Shoals:4 | Noticed Ilsuiw
 44109 | Shoals:4 | Reached skill level 14 in Fighting
 45284 | Shoals:4 | Killed Ilsuiw
 45328 | Shoals:4 | Got a barnacled rune of Zot
 45657 | Vaults:1 | Entered Level 1 of the Vaults
 46576 | Vaults:1 | Found Soblivet's Distillery.
 46786 | Vaults:1 | Found Sieh's Book Shop.
 47239 | Vaults:2 | Reached skill level 15 in Fighting
 47873 | Vaults:2 | Reached XP level 20. HP: 141/141 MP: 29/29
 48134 | Vaults:2 | Got a polished flail
 48135 | Vaults:2 | Identified the +4 flail "Xogahucw" {pain, Int+7 Dex+3} (You found it on level 2 of the Vaults)
 50452 | Vaults:3 | Paralysed by a vampire knight for 5 turns
 50521 | Vaults:3 | Found a staircase to the Crypt.
 50593 | Vaults:3 | Noticed a lich
 50602 | Vaults:3 | Killed a lich
 51257 | Vaults:4 | Reached skill level 16 in Fighting
 51301 | Vaults:4 | Noticed Sokar's ghost (veteran KoBe)
 51357 | Vaults:4 | Killed Sokar's ghost
 51845 | Vaults:4 | Noticed Mennas
 51914 | Vaults:4 | Killed Mennas
 52156 | Vaults:4 | Reached XP level 21. HP: 144/150 MP: 30/30
 52175 | Vaults:4 | Noticed Jory
 52203 | Vaults:4 | Killed Jory
 52204 | Vaults:4 | Drew Focus: Str increased to 29, Dex decreased to 8
 52585 | Vaults:4 | Found Megoaqid's Weapon Emporium.
 53362 | Depths:1 | Entered Level 1 of the Depths
 53440 | Depths:1 | Reached skill level 15 in Earth Magic
 53614 | Depths:1 | Learned a level 5 spell: Fireball
 53632 | Depths:1 | Found a gateway to Hell.
 53653 | Depths:1 | Paralysed by an ogre mage for 5 turns
 53693 | Depths:1 | Paralysed by an ogre mage for 3 turns
 53707 | Depths:1 | Paralysed by an ogre mage for 4 turns
 54153 | Depths:1 | Reached skill level 1 in Staves
 54213 | Depths:1 | Reached skill level 1 in Fire Magic
 54273 | Depths:1 | Found a one-way gate to the infinite horrors of the Abyss.
 54324 | Depths:1 | Noticed Asterion
 54350 | Depths:1 | Killed Asterion
 54354 | Depths:1 | Got an encrusted shield
 54365 | Depths:1 | Identified the +10 shield "Oxaam" {*Drain rN++ rCorr Int+3} (You took it off Asterion on level 1 of the Depths)
 54509 | Depths:1 | Found a runed gate.
 54509 | Depths:1 | Found a runed gate.
 54509 | Depths:1 | Found a runed gate.
 54897 | D:15     | Reached skill level 17 in Fighting
 55120 | Depths:1 | Found Ytsoa's Magic Scroll Shop.
 55715 | Depths:2 | Paralysed by a great orb of eyes for 2 turns
 55954 | Depths:2 | Found a gateway to a ziggurat.
 56156 | Depths:2 | Got a smoking scythe
 56159 | Depths:2 | Identified the +8 scythe of Neurosis {flame, rC+ Dex+3} (You found it on level 2 of the Depths)
 56757 | Depths:2 | Reached skill level 10 in Conjurations
 57536 | Depths:3 | Found Gyntol's General Store.
 57544 | Depths:3 | Bought a potion of heal wounds for 85 gold pieces
 57710 | Depths:3 | Reached XP level 22. HP: 159/159 MP: 32/32
 57830 | Depths:3 | Found a one-way gate leading to the halls of Pandemonium.
 58332 | Depths:3 | Noticed a juggernaut
 58366 | Depths:3 | Killed a juggernaut
 58429 | Depths:3 | Reached skill level 15 in Armour
 59013 | Depths:4 | Reached skill level 5 in Fire Magic
 59217 | Depths:4 | Reached skill level 18 in Fighting
 59583 | Depths:4 | Found a runed door.
 59798 | Depths:4 | Noticed Boris
 60332 | Depths:4 | Killed Boris
 60701 | Depths:4 | Reached XP level 23. HP: 135/167 MP: 33/33
 61452 | Depths:5 | Entered Level 5 of the Depths
 62049 | Depths:5 | Found a burning altar of Makhleb.
 62049 | Depths:5 | Found an iron altar of Okawaru.
 62050 | Depths:5 | Found a radiant altar of Vehumet.
 62751 | Depths:5 | Noticed a juggernaut
 63637 | Depths:5 | Found a gate to the Realm of Zot.
 63818 | Depths:5 | Noticed a golden dragon
 63841 | Depths:5 | Noticed a caustic shrike
 63850 | Depths:5 | Killed a caustic shrike
 63850 | Depths:5 | Reached skill level 19 in Fighting
 63850 | Depths:5 | Reached skill level 15 in Invocations
 64490 | Depths:5 | Killed a golden dragon
 65082 | Depths:5 | Killed a juggernaut
 65082 | Depths:5 | Reached XP level 24. HP: 140/176 MP: 34/34
 65286 | Depths:5 | Noticed a caustic shrike
 65305 | Depths:5 | Killed a caustic shrike
 65406 | Depths:5 | Got a steaming steam dragon armour
 65417 | Depths:5 | Identified the +0 steam dragon armour of the Bull {+Fly rC+ SInv} (You found it on level 5 of the Depths)
 65503 | Depths:5 | The Shining One protects you from harm!
 65508 | Depths:5 | The Shining One protects you from harm!
 66068 | Depths:5 | Noticed a juggernaut
 66079 | Depths:5 | Killed a juggernaut
 66091 | Depths:5 | Learned a level 5 spell: Lee's Rapid Deconstruction
 66472 | Depths:5 | Got a translucent chain mail
 66483 | Depths:5 | Identified the +7 chain mail "Ocurashre" {rC+ Dex+2} (You found it on level 5 of the Depths)
 66518 | Depths:5 | Identified the Guide on Air (You found it on level 5 of the Depths)
 67391 | Crypt:1  | Entered Level 1 of the Crypt
 67912 | Crypt:1  | Got a faintly glowing chain mail
 67923 | Crypt:1  | Identified the +9 chain mail "Wupn" {rElec} (You found it on level 1 of the Crypt)
 67982 | Crypt:1  | Noticed Frederick
 67997 | Crypt:1  | Killed Frederick
 68491 | Crypt:1  | Noticed Jorgrun
 68514 | Crypt:1  | Killed Jorgrun
 68514 | Crypt:1  | Reached skill level 10 in Dodging
 69604 | Crypt:2  | Reached XP level 25. HP: 184/184 MP: 34/34
 69753 | Crypt:2  | Got a brightly glowing chain mail
 69764 | Crypt:2  | Identified the cursed +0 chain mail of Hospitality {Int+4} (You took it off a skeletal warrior on level 2 of the Crypt)
 69959 | Crypt:2  | Found an ancient bone altar of Kikubaaqudgha.
 70083 | Crypt:3  | Entered Level 3 of the Crypt
 70148 | Crypt:3  | Reached skill level 20 in Fighting
 70167 | Crypt:3  | Reached XP level 26. HP: 191/191 MP: 35/35
 70172 | Crypt:3  | Got a spiked shield
 70175 | Crypt:3  | Identified the +7 shield of Insatiable Hunger {rElec rPois rF- Str+4} (You found it on level 3 of the Crypt)
 70453 | Crypt:3  | Identified the Almanac of Burning Poison
 70691 | Crypt:3  | Found a staircase to the Tomb.
 70869 | Crypt:3  | Identified Sif Muna's Catalogue of Freezing Slavery
 71385 | Crypt:3  | Found an ancient bone altar of Kikubaaqudgha.
 71487 | Crypt:3  | Noticed an ancient lich
 71503 | Crypt:3  | Killed an ancient lich
 71638 | Crypt:3  | Got a crystal scimitar
 71641 | Crypt:3  | Identified the cursed +0 scimitar of Noogh {freeze, rC+ MP+9 Stlth+} (You found it on level 3 of the Crypt)
 72352 | Elf:1    | Entered Level 1 of the Elven Halls
 72485 | Elf:1    | Found Maeceigho's General Store.
 73045 | Elf:1    | Identified Umoecw's Almanac of Black Rites
 73071 | Elf:1    | Found Havveqed's Jewellery Shop.
 73185 | Elf:1    | Found Qaba's Book Emporium.
 73196 | Elf:1    | Bought the ring "Mioban" {rF+ Str+4} for 606 gold pieces
 73722 | Elf:2    | Found a portal to a secret trove of treasure.
 73747 | Elf:2    | You paid a toll of 3 potions of resistance to enter a treasure trove
 73748 | Trove    | Entered a treasure trove
 73769 | Trove    | Got a pair of jewelled gloves
 73781 | Trove    | Identified the +0 pair of gloves "Tyolot Xohi" {rF+ Int+3} (You found it in a treasure trove)
 73803 | Trove    | Got a steaming hat
 73814 | Trove    | Identified the +2 hat of Serusu {Str+4 SInv} (You found it in a treasure trove)
 73831 | Trove    | Got a pair of pitted boots
 73842 | Trove    | Identified the +2 pair of boots "Fiapyut" {+Inv Str+4} (You found it in a treasure trove)
 73845 | Trove    | Got a warped buckler
 73848 | Trove    | Identified the +3 buckler of Jumax {SInv} (You found it in a treasure trove)
 74223 | Elf:2    | Found a huge runed gate.
 74223 | Elf:2    | Found a huge runed gate.
 74224 | Elf:2    | Found a huge runed gate.
 74225 | Elf:2    | Found a huge runed gate.
 74230 | Elf:2    | Found a huge runed gate.
 74445 | Elf:2    | Reached XP level 27. HP: 171/199 MP: 35/35
 74741 | Elf:2    | Reached skill level 10 in Fire Magic
 75062 | Elf:3    | Entered Level 3 of the Elven Halls
 75097 | Elf:3    | Reached skill level 21 in Fighting
 76595 | Elf:3    | Was placed under penance by the Shining One
 76894 | Elf:3    | Got a heavily runed helmet
 76905 | Elf:3    | Identified the cursed +0 helmet "Huzxuhaf" {Stlth+} (You found it on level 3 of the Elven Halls)
 77023 | Elf:3    | Identified the Disquisition on Feathers and Summoning (You found it on level 3 of the Elven Halls)
 77028 | Elf:3    | Identified the Handbook of Warped Shape Shifting (You found it on level 3 of the Elven Halls)
 77031 | Elf:3    | Got a steaming flail
 77032 | Elf:3    | Identified the cursed +1 flail of the Nexus {crush, *Rage +Rage MP+9} (You found it on level 3 of the Elven Halls)
 77826 | Slime:1  | Entered Level 1 of the Pits of Slime
 78263 | Slime:1  | Lost mutation: Scrolls take you a little longer to read. [a shining eye]
 78486 | Slime:2  | Was forgiven by the Shining One
 80358 | Slime:5  | Noticed Dissolution
 80497 | Slime:4  | Killed Dissolution
 81157 | Slime:6  | Entered Level 6 of the Pits of Slime
 81417 | Slime:6  | Gained mutation: You are dopey. (Int -2) [a shining eye]
 81440 | Slime:6  | Gained mutation: You are somewhat resistant to further mutation. [a shining eye]
 81441 | Slime:6  | Lost mutation: You are robust (+10% HP). [a shining eye]
 81445 | Slime:6  | Gained mutation: You tend to lose your temper in combat. [a shining eye]
 81731 | Slime:6  | Found a viscous altar of Jiyva.
 81866 | Slime:6  | Noticed the Royal Jelly
 81880 | Slime:6  | Killed the Royal Jelly
 81880 | Slime:6  | Reached skill level 15 in Conjurations
 82313 | Slime:6  | Identified a +4 rod of inaccuracy (10/10) (You found it on level 6 of the Pits of Slime)
 82351 | Slime:6  | Got a steaming copper amulet
 82353 | Slime:6  | Identified the amulet of Xoepheb {RegenMP rElec Dex+2} (You found it on level 6 of the Pits of Slime)
 82387 | Slime:6  | Got a bound crystal amulet
 82388 | Slime:6  | Identified the amulet of Mimieffedi {RegenMP rElec rN++ MR- Int+2} (You found it on level 6 of the Pits of Slime)
 82585 | Slime:6  | Identified the Catalogue of the Cloudy Frostbite (You found it on level 6 of the Pits of Slime)
 82604 | Slime:6  | Identified the Handbook of Dislocated Execration
 82610 | Slime:6  | Got a slimy rune of Zot
 82815 | Slime:4  | Gained mutation: You are clumsy. (Dex -2) [a shining eye]
 82817 | Slime:4  | Gained mutation: Your body sometimes deteriorates upon taking damage. [a shining eye]
 83470 | D:11     | Lost mutation: You are dopey. (Int -2) [potion of cure mutation]
 83470 | D:11     | Lost mutation: You tend to lose your temper in combat. [potion of cure mutation]
 83470 | D:11     | Lost mutation: Your body sometimes deteriorates upon taking damage. [potion of cure mutation]
 83470 | D:11     | Lost mutation: You are somewhat resistant to further mutation. [potion of cure mutation]
 83476 | D:11     | Learned a level 3 spell: Conjure Flame
 83818 | Zot:1    | Entered Level 1 of the Realm of Zot
 84078 | Zot:1    | Reached skill level 15 in Evocations
 85692 | Zot:2    | Reached skill level 22 in Fighting
 86543 | Zot:3    | Noticed an orb of fire
 86543 | Zot:3    | Lost mutation: You are clumsy. (Dex -2) [helix card]
 86553 | Zot:3    | Gained mutation: You occasionally shout uncontrollably at your foes. [an orb of fire]
 86555 | Zot:3    | Gained mutation: You sometimes yell uncontrollably at your foes. [an orb of fire]
 86563 | Zot:3    | Gained mutation: You are clumsy. (Dex -2) [an orb of fire]
 86586 | Zot:3    | Gained mutation: Your muscles are strong. (Str +2) [an orb of fire]
 86592 | Zot:3    | Gained mutation: Your magical capacity is low (-10% MP). [an orb of fire]
 86597 | Zot:3    | Killed an orb of fire
 89411 | Zot:5    | Entered Level 5 of the Realm of Zot
 89913 | Zot:5    | Noticed an ancient lich
 89925 | Zot:5    | Killed an ancient lich
 90401 | Zot:5    | Noticed an orb of fire
 90403 | Zot:5    | Noticed an orb of fire
 90411 | Zot:5    | Reached skill level 23 in Fighting
 90416 | Zot:5    | Gained mutation: Scrolls take you a little longer to read. [an orb of fire]
 90417 | Zot:5    | Gained mutation: You are dopey. (Int -2) [an orb of fire]
 90421 | Zot:5    | Gained mutation: You frequently scream uncontrollably at your foes. [an orb of fire]
 90432 | Zot:5    | Noticed an orb of fire
 90437 | Zot:5    | Noticed an orb of fire
 90464 | Zot:5    | Gained mutation: Armour fits poorly on your strangely shaped body. [an orb of fire]
 90471 | Zot:5    | Gained mutation: Scrolls take you longer to read. [an orb of fire]
 90472 | Zot:5    | Gained mutation: Your body sometimes deteriorates upon taking damage. [an orb of fire]
 90478 | Zot:5    | HP: 8/188 [orb of fire/fireball (11)]
 90481 | Zot:5    | Gained mutation: You have a pair of small horns on your head. [an orb of fire]
 90482 | Zot:5    | Killed an orb of fire
 90827 | Zot:5    | Gained mutation: You are frail (-10% HP). [an orb of fire]
 90829 | Zot:5    | Gained mutation: Your spells are a little easier to cast, but a little less powerful. [an orb of fire]
 90835 | Zot:5    | Gained mutation: You are very clumsy. (Dex -4) [an orb of fire]
 90856 | Zot:5    | Killed an orb of fire
 91018 | Zot:5    | Gained mutation: Potions and wands are less effective at restoring your health. [an orb of fire]
 91033 | Zot:5    | Killed an orb of fire
 91089 | Zot:5    | Noticed an orb of fire
 91105 | Zot:5    | Gained mutation: Scrolls take you much longer to read. [an orb of fire]
 91121 | Zot:5    | Killed an orb of fire
 91527 | Zot:5    | Got the Orb of Zot
 91576 | Zot:5    | Killed an orb of fire
 91953 | Depths:5 | Noticed a juggernaut
 91972 | Depths:5 | Killed a juggernaut
 92020 | Depths:5 | Noticed Qipyob the pandemonium lord
 92055 | Depths:5 | Killed Qipyob the pandemonium lord
 92833 | D:4      | Noticed Extiqaask the pandemonium lord
 93098 | D:1      | Gained mutation: You are very frail (-20% HP). [a cacodemon]
 93132 | D:$      | Escaped with the Orb!

Skill      XL: |  1  2  3  4  5  6  7  8  9 10 11 12 13 14 15 16 17 18 19 20 21 22 23 24 25 26 27 |
---------------+----------------------------------------------------------------------------------+-----
Fighting       | 4 5 6 7 8 9 10 11 12 13 15 16 17 18 19 20 23 | 23.8
Armour         | 4 5 6 7 8 9 10 11 12 13 14 15 16 18 | 18.2
Dodging        | 1 2 3 4 5 6 7 8 9 10 14 | 14.0
Shields        | 4 5 6 7 8 9 10 11 12 13 14 15 | 15.2
Maces & Flails | 3 4 6 7 8 9 10 11 12 13 14 | 14.0
Stealth        | 1 3 4 |  4.4
Invocations    | 3 5 7 8 9 10 11 12 13 14 15 16 19 | 19.0
Spellcasting   | 2 |  2.4
Evocations     | 2 3 5 6 7 9 10 11 12 13 14 16 | 16.5
Earth Magic    | 3 6 8 10 11 12 13 14 15 16 17 18 20 | 20.7
Conjurations   | 3 5 7 8 10 11 12 13 14 17 | 17.2
Staves         | 2 |  2.1
Fire Magic     | 3 5 7 8 9 14 | 14.0

Action                   |  1- 3 |  4- 6 |  7- 9 | 10-12 | 13-15 | 16-18 | 19-21 | 22-24 | 25-27 || total
-------------------------+-------+-------+-------+-------+-------+-------+-------+-------+-------++-------
Melee: Flail             |   131 |   117 |   229 |   674 |  1719 |  1825 |  1979 |  2070 |  4058 || 12802
       Morningstar       |       |       |   335 |    17 |   571 |       |       |       |       ||   923
       Staff             |       |       |       |       |       |       |   221 |       |       ||   221
       Headbutt          |       |       |       |       |       |       |       |       |   173 ||   173
Throw: Javelin           |       |     3 |       |       |       |       |       |       |       ||     3
 Cast: Stone Arrow       |       |       |       |       |       |     5 |    11 |     6 |    21 ||    43
       Sandblast         |       |       |       |       |       |     3 |       |       |     1 ||     4
       Lee's Rapid Decon |       |       |       |       |       |       |       |    10 |     8 ||    18
       Fireball          |       |       |       |       |       |       |       |       |    15 ||    15
Invok: Divine Shield     |       |       |     2 |    10 |    20 |     6 |    13 |    21 |    30 ||   102
       Summon Divine War |       |       |       |       |       |       |     1 |     1 |     2 ||     4
       Cleansing Flame   |       |       |       |       |       |       |       |     3 |     9 ||    12
 Abil: Fly               |       |       |       |       |       |     4 |     1 |       |       ||     5
       Stop Flying       |       |       |       |       |       |     3 |     1 |       |       ||     4
       Evoke Berserk Rag |       |       |       |       |       |       |     1 |       |       ||     1
       Blink             |       |       |       |       |       |       |     1 |     6 |     3 ||    10
Evoke: Wand              |       |       |     3 |    10 |    15 |    19 |     3 |     4 |    13 ||    67
       Lamp of fire      |       |       |       |       |     3 |     1 |     2 |     1 |     3 ||    10
       Rod               |       |       |       |       |    13 |     9 |    29 |    26 |    32 ||   109
       Deck              |       |       |       |       |     4 |       |     1 |     1 |     4 ||    10
       Stone of tremors  |       |       |       |       |       |       |     1 |     1 |       ||     2
       Sack of spiders   |       |       |       |       |       |       |     1 |       |     1 ||     2
       Fan of gales      |       |       |       |       |       |       |       |     2 |     2 ||     4
       Disc of storms    |       |       |       |       |       |       |       |     2 |       ||     2
  Use: Scroll            |     4 |     3 |     7 |    16 |    15 |    11 |    10 |     4 |    16 ||    86
       Potion            |       |       |     6 |     6 |    10 |     1 |     2 |     6 |    18 ||    49
 Stab: Distracted        |       |       |       |       |       |       |       |       |     2 ||     2
  Eat: Chunk             |     4 |     2 |    12 |    20 |    38 |    40 |    22 |    14 |    23 ||   175
       Beef jerky        |       |       |     1 |       |     2 |     1 |     2 |       |     2 ||     8
       Meat ration       |       |       |     1 |       |     1 |       |     2 |     5 |     6 ||    15
       Fruit             |       |       |       |     1 |     9 |     5 |       |       |     9 ||    24
       Royal jelly       |       |       |       |     1 |       |       |       |       |       ||     1
       Bread ration      |       |       |       |       |     1 |       |     4 |     1 |     8 ||    14
       Pizza             |       |       |       |       |       |     3 |     1 |     1 |       ||     5
Armor: Scale mail        |    61 |    71 |   104 |    12 |       |       |       |       |       ||   248
       Chain mail        |       |       |   182 |   285 |  1037 |    34 |       |   155 |  1285 ||  2978
       Plate armour      |       |       |       |       |    64 |  1155 |   703 |   599 |       ||  2521
       Ice dragon armour |       |       |       |       |       |     1 |    74 |       |       ||    75
       Skin              |       |       |       |       |       |       |       |       |    31 ||    31
Dodge: Dodged            |    36 |    56 |   166 |   274 |   786 |   713 |   465 |   408 |   836 ||  3740
Block: Shield            |    71 |    80 |   369 |   640 |  1946 |  1702 |  2141 |  2105 |  4250 || 13304
       Reflection        |       |       |       |       |     9 |   110 |   109 |       |       ||   228
